TOP OF THE 1ST |
San Francisco Giants batting - Pitching for Atlanta Braves : RHP Marco Estrada
|
Pitching: RHP Marco Estrada
|
|
Batting: LHB Jon Jay
|
0-0: Called Strike 0-1: DOUBLE (Line Drive, 9LM)
|
Batting: RHB Dustin Pedroia
|
0-0: Ball 1-0: SINGLE (Groundball, 4MD) Jon Jay to third
|
Batting: LHB Anthony Rizzo
|
0-0: Ball 1-0: Swinging Strike 1-1: Ball 2-1: Foul Ball, location: 2F 2-2: Grounds into double play, 1-6-3 (Groundball, 13S)
|
Batting: LHB Kyle Seager
|
0-0: Ball 1-0: Called Strike 1-1: Foul Ball, location: 2F 1-2: Ball 2-2: Strikes out looking
|
Top of the 1st over - 0 runs, 2 hits, 0 errors, 1 left on base; San Francisco 0 - Atlanta 0 |
BOTTOM OF THE 1ST |
Atlanta Braves batting - Pitching for San Francisco Giants : RHP Michael Wacha
|
Pitching: RHP Michael Wacha
|
|
Batting: LHB Mallex Smith
|
0-0: Ground out 4-3 (Groundball, 34)
|
Batting: RHB Domingo Santana
|
0-0: Ground out 5-3 (Groundball, 56)
|
Batting: RHB Miguel Sano
|
0-0: Ball 1-0: SINGLE (Groundball, 34D)
|
Batting: LHB Greg Bird
|
0-0: Ball 1-0: Called Strike 1-1: Swinging Strike 1-2: Fly out, F8 (Flyball, 78M)
|
Bottom of the 1st over - 0 runs, 1 hit, 0 errors, 1 left on base; San Francisco 0 - Atlanta 0 |
TOP OF THE 2ND |
San Francisco Giants batting - Pitching for Atlanta Braves : RHP Marco Estrada
|
Batting: RHB Nelson Cruz
|
0-0: Ball 1-0: Fly out, F6 (Popup, 6MS)
|
Batting: LHB Kyle Schwarber
|
0-0: Called Strike 0-1: Ball 1-1: Fly out, F7 (Flyball, 7D)
|
Batting: LHB Corey Dickerson
|
0-0: Ball 1-0: Ball 2-0: Fly out, F9 (Flyball, 9LMF)
|
Top of the 2nd over - 0 runs, 0 hits, 0 errors, 0 left on base; San Francisco 0 - Atlanta 0 |
BOTTOM OF THE 2ND |
Atlanta Braves batting - Pitching for San Francisco Giants : RHP Michael Wacha
|
Batting: RHB Hunter Renfroe
|
0-0: Called Strike 0-1: Called Strike 0-2: Fly out, F6 (Flyball, 6D)
|
Batting: RHB Kurt Suzuki
|
0-0: Foul Ball, location: 2F 0-1: Ball 1-1: Ground out 6-3 (Groundball, 56)
|
Batting: SHB Leury Garcia
|
0-0: Ball 1-0: Ball 2-0: Called Strike 2-1: Ball 3-1: Swinging Strike 3-2: Base on Balls
|
Batting: RHB Pat Valaika
|
0-0: Ball 1-0: Ball 2-0: Called Strike 2-1: Foul Ball, location: 2F 2-2: Fly out, F9 (Flyball, 89M)
|
Bottom of the 2nd over - 0 runs, 0 hits, 0 errors, 1 left on base; San Francisco 0 - Atlanta 0 |
TOP OF THE 3RD |
San Francisco Giants batting - Pitching for Atlanta Braves : RHP Marco Estrada
|
Batting: RHB Tim Anderson
|
0-0: Ball 1-0: Ball 2-0: Called Strike 2-1: SINGLE (Line Drive, 5D)
|
Batting: RHB Michael Wacha
|
0-0: Sac Bunt - play at second, runner safe!
|
Batting: LHB Jon Jay
|
0-0: Ball 1-0: Ball 2-0: Ball 3-0: Called Strike 3-1: Base on Balls Tim Anderson to third Michael Wacha to second
|
Batting: RHB Dustin Pedroia
|
0-0: Ball 1-0: Called Strike 1-1: Ball 2-1: Fly out, F7 (Flyball, 78S) Runner from 3rd tags up, SCORES, throw made
|
Batting: LHB Anthony Rizzo
|
0-0: Swinging Strike 0-1: Foul Ball, location: 2F 0-2: Ball 1-2: Fly out, F8 (Flyball, 8RD) Runner from 2nd tags up, SAFE at 3rd with throw
|
Batting: LHB Kyle Seager
|
0-0: Ball Pickoff Throw to First - Out!
|
Top of the 3rd over - 1 run, 1 hit, 0 errors, 1 left on base; San Francisco 1 - Atlanta 0 |
BOTTOM OF THE 3RD |
Atlanta Braves batting - Pitching for San Francisco Giants : RHP Michael Wacha
|
Batting: RHB Marco Estrada
|
0-0: SINGLE (Flyball, 7LS)
|
Batting: LHB Mallex Smith
|
0-0: Ball 1-0: Ball 2-0: DOUBLE (Groundball, 3L) Marco Estrada to third
|
Batting: RHB Domingo Santana
|
0-0: Ball 1-0: Foul Ball, location: 2F 1-1: Foul Ball, location: 2F 1-2: Strikes out swinging
|
Batting: RHB Miguel Sano
|
0-0: Ball 1-0: Ball 2-0: Ball 3-0: Base on Balls
|
Batting: LHB Greg Bird
|
0-0: Foul Ball, location: 2F 0-1: Foul Ball, location: 2F 0-2: Grounds into fielders choice 1-2 (Groundball, 13) Mallex Smith to third Miguel Sano to second
|
Batting: RHB Hunter Renfroe
|
0-0: Ball 1-0: Ball 2-0: Foul Ball, location: 2F 2-1: Called Strike 2-2: Ground out 5-3 (Groundball, 56S)
|
Bottom of the 3rd over - 0 runs, 2 hits, 0 errors, 3 left on base; San Francisco 1 - Atlanta 0 |
TOP OF THE 4TH |
San Francisco Giants batting - Pitching for Atlanta Braves : RHP Marco Estrada
|
Batting: LHB Kyle Seager
|
0-0: Ball 1-0: Fly out, F9 (Flyball, 9S)
|
Batting: RHB Nelson Cruz
|
0-0: Ball 1-0: Ball 2-0: Called Strike 2-1: Ball 3-1: Fly out, F7 (Flyball, 7)
|
Batting: LHB Kyle Schwarber
|
0-0: Called Strike 0-1: Ball 1-1: Foul Ball, location: 2F 1-2: Strikes out swinging
|
Top of the 4th over - 0 runs, 0 hits, 0 errors, 0 left on base; San Francisco 1 - Atlanta 0 |
BOTTOM OF THE 4TH |
Atlanta Braves batting - Pitching for San Francisco Giants : RHP Michael Wacha
|
Batting: RHB Kurt Suzuki
|
0-0: Ground out 5-3 (Groundball, 56S)
|
Batting: SHB Leury Garcia
|
0-0: Ball 1-0: Ball 2-0: Fly out, F7 (Line Drive, 7)
|
Batting: RHB Pat Valaika
|
0-0: Ground out 5-3 (Groundball, 56S)
|
Bottom of the 4th over - 0 runs, 0 hits, 0 errors, 0 left on base; San Francisco 1 - Atlanta 0 |
TOP OF THE 5TH |
San Francisco Giants batting - Pitching for Atlanta Braves : RHP Marco Estrada
|
Batting: LHB Corey Dickerson
|
0-0: Ball 1-0: Called Strike 1-1: Ball 2-1: Swinging Strike 2-2: Strikes out swinging
|
Batting: RHB Tim Anderson
|
0-0: Ground out 2-3 (Groundball, 2L)
|
Batting: RHB Michael Wacha
|
0-0: Called Strike 0-1: Fly out, F9 (Flyball, 9LS)
|
Top of the 5th over - 0 runs, 0 hits, 0 errors, 0 left on base; San Francisco 1 - Atlanta 0 |
BOTTOM OF THE 5TH |
Atlanta Braves batting - Pitching for San Francisco Giants : RHP Michael Wacha
|
Batting: RHB Marco Estrada
|
0-0: Ball 1-0: Ball 2-0: Foul Ball, location: 2F 2-1: Swinging Strike 2-2: Foul Ball, location: 2F 2-2: Ground out 4-3 (Groundball, 4)
|
Batting: LHB Mallex Smith
|
0-0: Ball 1-0: DOUBLE (Line Drive, 89M)
|
Batting: RHB Domingo Santana
|
0-0: Ball 1-0: SINGLE (Line Drive, 9S) Mallex Smith to third Runner from 3rd tries for Home, SAFE, throw made home
|
Batting: RHB Miguel Sano
|
0-0: Ball 1-0: Foul Ball, location: 2F 1-1: Swinging Strike 1-2: Ball 2-2: Ball 3-2: Fly out, F8 (Flyball, 8RS)
|
Batting: LHB Greg Bird
|
0-0: SINGLE (Line Drive, 6D) Domingo Santana to second
|
Batting: RHB Hunter Renfroe
|
0-0: Ball 1-0: Ball 2-0: Ball 3-0: Foul Ball, location: 2F 3-1: Fly out, F9 (Flyball, 9S)
|
Bottom of the 5th over - 1 run, 3 hits, 0 errors, 2 left on base; San Francisco 1 - Atlanta 1 |
TOP OF THE 6TH |
San Francisco Giants batting - Pitching for Atlanta Braves : RHP Marco Estrada
|
Batting: LHB Jon Jay
|
0-0: Ball 1-0: Ball 2-0: Ball 3-0: Base on Balls
|
Batting: RHB Dustin Pedroia
|
0-0: Called Strike 0-1: Foul Ball, location: 2F 0-2: Ball 1-2: Strikes out looking
|
Batting: LHB Anthony Rizzo
|
0-0: Ball 1-0: Fly out, F8 (Flyball, 8LM)
|
Batting: LHB Kyle Seager
|
0-0: Ball 1-0: Swinging Strike 1-1: Fielders Choice at 2nd, 6-5 (Groundball, 4)
|
Top of the 6th over - 0 runs, 0 hits, 0 errors, 1 left on base; San Francisco 1 - Atlanta 1 |
BOTTOM OF THE 6TH |
Atlanta Braves batting - Pitching for San Francisco Giants : RHP Michael Wacha
|
Batting: RHB Kurt Suzuki
|
0-0: Fly out, F9 (Flyball, 89M)
|
Batting: SHB Leury Garcia
|
0-0: Foul Ball, location: 2F 0-1: SINGLE (Line Drive, 8LS)
|
Batting: RHB Pat Valaika
|
0-0: Fly out, F8 (Line Drive, 8LD)
|
Batting: RHB Marco Estrada
|
0-0: Swinging Strike 0-1: Ball 1-1: Ball 2-1: Ball 3-1: Ground out 4-3 (Groundball, 34)
|
Bottom of the 6th over - 0 runs, 1 hit, 0 errors, 1 left on base; San Francisco 1 - Atlanta 1 |
TOP OF THE 7TH |
San Francisco Giants batting - Pitching for Atlanta Braves : RHP Marco Estrada
|
Batting: RHB Nelson Cruz
|
0-0: Ball 1-0: SOLO HOME RUN (Flyball, 9D), Distance : 367 ft
|
Batting: LHB Kyle Schwarber
|
0-0: SINGLE (Line Drive, 9LS)
|
Batting: LHB Corey Dickerson
|
0-0: Ball Pickoff Throw to First - Out! 1-0: Swinging Strike 1-1: Ball 2-1: Called Strike 2-2: Strikes out looking
|
Batting: RHB Tim Anderson
|
0-0: Called Strike 0-1: Swinging Strike 0-2: Ball 1-2: Strikes out swinging
|
Top of the 7th over - 1 run, 2 hits, 0 errors, 0 left on base; San Francisco 2 - Atlanta 1 |
BOTTOM OF THE 7TH |
Atlanta Braves batting - Pitching for San Francisco Giants : RHP Michael Wacha
|
Batting: LHB Mallex Smith
|
0-0: Foul Ball, location: 2F 0-1: Ball 1-1: Foul Ball, location: 2F 1-2: Ground out 4-3 (Groundball, 4)
|
Batting: RHB Domingo Santana
|
0-0: Ball 1-0: Fly out, F2 (Popup, 23F)
|
Batting: RHB Miguel Sano
|
0-0: Called Strike 0-1: Ball 1-1: Ball 2-1: Foul Ball, location: 2F 2-2: Foul Ball, location: 2F 2-2: Foul Ball, location: 2F 2-2: Ball 3-2: Foul Ball, location: 2F 3-2: Ground out 6-3 (Groundball, 6)
|
Bottom of the 7th over - 0 runs, 0 hits, 0 errors, 0 left on base; San Francisco 2 - Atlanta 1 |
TOP OF THE 8TH |
San Francisco Giants batting - Pitching for Atlanta Braves : RHP Marco Estrada
|
Pinch Hitting: RHB Austin Jackson
|
0-0: Foul Ball, location: 2F 0-1: Foul Ball, location: 2F 0-2: SINGLE (Line Drive, 9LS)
|
Batting: LHB Jon Jay
|
0-0: Swinging Strike 0-1: Called Strike 0-2: Strikes out swinging
|
Batting: RHB Dustin Pedroia
|
0-0: Called Strike 0-1: Ball 1-1: Ball Wild Pitch! Austin Jackson to second 2-1: Called Strike 2-2: Ball 3-2: Strikes out swinging
|
Pitching: RHP James Shields
|
|
Batting: LHB Anthony Rizzo
|
0-0: Ball 1-0: Ball 2-0: Called Strike 2-1: Ball 3-1: Base on Balls
|
Batting: LHB Kyle Seager
|
0-0: Ball 1-0: Ball 2-0: SINGLE (Line Drive, 89S) Austin Jackson to third Anthony Rizzo to second Runner from 3rd tries for Home, SAFE, throw made home
|
Batting: RHB Nelson Cruz
|
0-0: Ball 1-0: Called Strike 1-1: Fly out, F9 (Flyball, 9LSF)
|
Top of the 8th over - 1 run, 2 hits, 0 errors, 2 left on base; San Francisco 3 - Atlanta 1 |
BOTTOM OF THE 8TH |
Atlanta Braves batting - Pitching for San Francisco Giants : RHP Michael Wacha
|
Pitching: RHP Ryan Tepera
|
|
Batting: LHB Greg Bird
|
0-0: Ball 1-0: Ball 2-0: Called Strike 2-1: Foul Ball, location: 2F 2-2: Foul Ball, location: 2F 2-2: Foul Ball, location: 2F 2-2: Foul Ball, location: 2F 2-2: Fly out, F7 (Flyball, 7D)
|
Batting: RHB Hunter Renfroe
|
0-0: Ball 1-0: Called Strike 1-1: Fly out, F2 (Popup, 23F)
|
Batting: RHB Kurt Suzuki
|
0-0: Fly out, F6 (Line Drive, 6)
|
Bottom of the 8th over - 0 runs, 0 hits, 0 errors, 0 left on base; San Francisco 3 - Atlanta 1 |
TOP OF THE 9TH |
San Francisco Giants batting - Pitching for Atlanta Braves : RHP James Shields
|
Batting: LHB Kyle Schwarber
|
0-0: Ball 1-0: Called Strike 1-1: SOLO HOME RUN (Flyball, 9LD), Distance : 347 ft
|
Batting: LHB Corey Dickerson
|
0-0: Ground out 5-3 (Groundball, 5)
|
Batting: RHB Tim Anderson
|
0-0: Ball 1-0: Ball 2-0: Swinging Strike 2-1: Swinging Strike 2-2: Strikes out swinging
|
Pinch Hitting: LHB Tyler Naquin
|
0-0: Ball 1-0: Called Strike 1-1: Ball 2-1: Ball 3-1: Foul Ball, location: 2F 3-2: Foul Ball, location: 2F 3-2: TRIPLE (Flyball, 8RXD)
|
Batting: LHB Jon Jay
|
0-0: Ball 1-0: Called Strike 1-1: Ball 2-1: Called Strike 2-2: Ball 3-2: SINGLE (Groundball, 4D) Tyler Naquin scores
|
Pitching: LHP Brian Johnson
|
|
Batting: RHB Dustin Pedroia
|
0-0: Called Strike 0-1: Ground out 1-3 (Groundball, 13)
|
Top of the 9th over - 2 runs, 3 hits, 0 errors, 1 left on base; San Francisco 5 - Atlanta 1 |
BOTTOM OF THE 9TH |
Atlanta Braves batting - Pitching for San Francisco Giants : RHP Ryan Tepera
|
Pitching: RHP Chris Devenski
|
|
Batting: SHB Leury Garcia
|
0-0: Ball 1-0: Called Strike 1-1: Ball 2-1: Called Strike 2-2: SOLO HOME RUN (Line Drive, 78XD), Distance : 395 ft
|
Pitching: LHP Brad Hand
|
|
Batting: RHB Pat Valaika
|
0-0: Ball 1-0: Called Strike 1-1: Called Strike 1-2: Fly out, F8 (Flyball, 8RD)
|
Pinch Hitting: RHB Jorge Alfaro
|
0-0: Called Strike 0-1: Ball 1-1: Foul Ball, location: 2F 1-2: Ball 2-2: Foul Ball, location: 2F 2-2: Strikes out swinging
|
Batting: LHB Mallex Smith
|
0-0: SINGLE (Line Drive, 89S)
|
Batting: RHB Domingo Santana
|
Balk! Mallex Smith to second 0-0: Ball 1-0: 2-RUN HOME RUN (Flyball, 9D), Distance : 365 ft
|
Batting: RHB Miguel Sano
|
0-0: Foul Ball, location: 2F 0-1: Swinging Strike 0-2: Strikes out looking
|
Bottom of the 9th over - 3 runs, 3 hits, 0 errors, 0 left on base; San Francisco 5 - Atlanta 4 |
|